 Dungeon Crawl Stone Soup version 0.30-a0-1070-gd49b78fada (webtiles) character file.

Game seed: 5106937480877408740

649 Ijustatesigmund the Conjurer (level 7, -4/40 HPs)
             Began as a Deep Elf Conjurer on Apr 13, 2023.
             Slain by Duvessa
             ... wielding a +2 short sword of venom
              (15 damage)
             ... on level 5 of the Dungeon.
             The game lasted 00:11:42 (5688 turns).

Ijustatesigmund the Conjurer (Deep Elf Conjurer)    Turns: 5688, Time: 00:11:42

Health: -4/40      AC:  4    Str:  4    XL:     7   Next: 28%
Magic:  4/18       EV: 17    Int: 25    God:
Gold:   291        SH:  0    Dex: 13    Spells: 11/18 levels left

rFire   + . .      SeeInvis +    h - +8 spear "Pucadug" {drain, *Corrode rF+ rC+++ SInv}
rCold   + + +      Faith    .    (no shield)
rNeg    . . .      Spirit   .    a - +0 robe
rPois   .          Reflect  .    (no helmet)
rElec   .          Rampage  .    (no cloak)
rCorr   .                        i - +1 pair of gloves
Will    .....                    (no boots)
Stlth   ++                       r - amulet of regeneration
HPRegen 1.06/turn                j - +5 ring of evasion
MPRegen 0.16/turn                s - ring of wizardry

@: lethally poisoned (-4 -> -7)
A: no striking features
a: no special abilities


You were on level 5 of the Dungeon.
You visited 1 branch of the dungeon, and saw 5 of its levels.

You collected 291 gold pieces.

Inventory:

Hand Weapons
 h - the +8 spear "Pucadug" (weapon) {drain, *Corrode rF+ rC+++ SInv}
   (You found it on level 2 of the Dungeon)

   rF:        It protects you from fire.
   rC:        It renders you almost immune to cold.
   SInv:      It lets you see invisible.
   *Corrode:  It may corrode you when you take damage.
Missiles
 b - 2 throwing nets
Armour
 a - a +0 robe (worn)
 i - a +1 pair of gloves (worn)
Jewellery
 j - a +5 ring of evasion (left hand)
 r - an amulet of regeneration (around neck)
 s - a ring of wizardry (right hand)
Scrolls
 e - 5 scrolls of teleportation
 g - a scroll of magic mapping
 k - 5 scrolls of identify
 l - a scroll of enchant armour
 p - 2 scrolls of noise {unknown}
 q - a scroll of fog {unknown}
Potions
 c - a potion of haste
 d - a potion of attraction
 f - 2 potions of resistance
 m - a potion of mutation
 n - a potion of heal wounds
 o - a potion of flight


   Skills:
 - Level 2.5 Fighting
 + Level 2.6 Dodging
 - Level 2.4 Stealth
 + Level 6.0 Spellcasting
 + Level 6.2 Conjurations
 + Level 4.4 Translocations


You had 11 spell levels left.
You knew the following spells:

 Your Spells              Type           Power      Damage    Failure   Level
a - Magic Dart            Conj           100%       1d8       1%          1
b - Searing Ray           Conj           76%        2d7       1%          2
c - Iskenderun's Mystic   Conj/Tloc      34%        2d8       3%          4

Your spell library contained the following spells:

 Spells                   Type           Power      Damage    Failure   Level
 Dazzling Flash           Conj/Hex       46%        N/A       2%          3
 Fulminant Prism          Conj/Hex       11%        3d8       9%          4


Dungeon Overview and Level Annotations

Branches:
Dungeon (5/15)
 Temple: D:4-7

Altars:
Kikubaaqudgha
Xom
Zin

Annotations:
D:4 2 transporters, Odexios's ghost, novice OpTm
D:5 Duvessa


Message History

Casting: Searing Ray (safe; 1% risk of failure)
Confirm with . or Enter, or press ? or * to list all spells.
Aiming: Searing Ray (safe; 1% risk of failure)
Press: ? - help, Shift-Dir - straight line, f/p - Duvessa
Aim: Duvessa, wielding a +2 short sword of venom and wearing a +0 ring mail (heavily wounded, 86% to hit)
The searing ray hits Duvessa!
Duvessa is severely wounded. (Press . to maintain the ray.)
You feel sick.
Duvessa hits you with a +2 short sword of venom.
The searing ray hits Duvessa but does no damage.
Duvessa is severely wounded.
The searing ray hits Dowan.
Dowan is severely wounded.
You feel sick. Duvessa misses you.
The searing ray misses Duvessa.
The searing ray hits Dowan.
Dowan is almost dead.
You feel sick.
Duvessa hits you with a +2 short sword of venom.
The searing ray hits Duvessa but does no damage.
Duvessa is severely wounded.
The searing ray hits Dowan!
You kill Dowan!
Duvessa screams in rage.
Duvessa goes berserk!
You finish channelling your searing ray.
You feel sick.
Duvessa hits you with a +2 short sword of venom!
You are more poisoned.
Duvessa completely misses you.
Your Spellcasting skill increases to level 6!
Casting: Searing Ray (safe; 1% risk of failure)
Confirm with . or Enter, or press ? or * to list all spells.
You erupt in a blast of force!
The mystic blast hits Duvessa!
Duvessa is almost dead.
Duvessa is knocked back by the mystic blast.
You feel very sick.
You feel very sick.
Duvessa hits you with a +2 short sword of venom!
You die...

##### ....### ......##
####### .......###.....#
..|.....##.###.### #
#.###.[.##.#.#...# ..
#...#....#...#...# #.#.#
#...#....###.#.###.....#
#...#....#...#..@e).....
###.#....'.#############
.........#.......
.........########
........## #......##
########


You could see Duvessa (berserk).

Vanquished Creatures
  Dowan (D:5)
  2 orc priests
  3 iguanas
  2 sleepcaps (D:4)
  4 orc wizards
  9 gnolls
  12 adders
  A white imp (D:5)
  A worm (D:4)
  2 dart slugs (D:2)
  11 orcs
  5 bats
  4 endoplasms
  9 giant cockroaches
  5 goblins
  10 hobgoblins
  4 jackals (D:1)
  10 kobolds
  3 quokkas
  6 ball pythons
  2 frilled lizards
  8 rats
114 creatures vanquished.

Vanquished Creatures (others)
  An angel (D:3)
  7 plants (D:4)
8 creatures vanquished.

Grand Total: 122 creatures vanquished

Notes
Turn   | Place    | Note
-------+----------+-------------------------------------------
     0 | D:1      | Ijustatesigmund the Deep Elf Conjurer began the quest for
                  | the Orb.
     0 | D:1      | Reached XP level 1. HP: 10/10 MP: 6/6
   302 | D:1      | Reached XP level 2. HP: 15/15 MP: 4/8
   305 | D:1      | Learned a level 2 spell: Searing Ray
  1083 | D:1      | Reached XP level 3. HP: 19/19 MP: 7/10
  1136 | D:1      | Reached skill level 5 in Conjurations
  1318 | D:2      | Identified the +8 spear "Pucadug" {drain, *Corrode rF+
                  | rC+++ SInv}
  1905 | D:2      | Reached XP level 4. HP: 22/24 MP: 6/12
  1910 | D:2      | Learned a level 4 spell: Iskenderun's Mystic Blast
  2091 | D:2      | Reached skill level 1 in Fighting
  2815 | D:3      | Noticed an angel
  2823 | D:3      | Reached skill level 1 in Translocations
  2903 | D:3      | Found a glowing silver altar of Zin.
  2909 | D:3      | Found a shimmering altar of Xom.
  3031 | D:3      | Reached XP level 5. HP: 18/30 MP: 4/13
  3131 | D:3      | Killed an angel
  3696 | D:3      | Found an ancient bone altar of Kikubaaqudgha.
  4406 | D:4      | Reached XP level 6. HP: 31/36 MP: 9/15
  4788 | D:4      | Reached skill level 5 in Spellcasting
  5046 | D:4      | Found a transporter.
  5075 | D:4      | Noticed Odexios's ghost (novice OpTm)
  5091 | D:4      | Found a transporter.
  5301 | D:5      | Entered Level 5 of the Dungeon
  5393 | D:5      | Reached XP level 7. HP: 40/40 MP: 3/17
  5676 | D:5      | Noticed Duvessa
  5678 | D:5      | Noticed Dowan
  5686 | D:5      | Killed Dowan
  5688 | D:5      | Slain by Duvessa

Illustrated notes

Levels and vault maps discovered:
D:1:      zelgadis_glass_arrival_small, layout_loops_corners
D:2:      wad_river_or_something, layout_basic, grunt_decor_mini_mirrors
D:3:      layout_loops_corners, grunt_temple_overflow_order_and_chaos_1,
          mainiacjoe_overflow_cross_hatched
D:4:      layout_basic, gammafunk_ghost_gnarly_gnolls, saegor_snake_ambush
D:5:      layout_basic, okawaru_metal_pillars_1_2, kennysheep_potato,
          uniq_duvessa

Skill      XL: |  1  2  3  4  5  6  7 |
---------------+----------------------+-----
Spellcasting   | 4 5 6 |  6.0
Conjurations   | 5 6 |  6.2
Fighting       | 1 2 |  2.5
Translocations | 1 3 4 |  4.4
Dodging        | |  2.6
Stealth        | |  2.4

Action                     |  1- 3 |  4- 6 |  7- 9 || total
---------------------------+-------+-------+-------++-------
  Melee: Spear             |    10 |    42 |     6 ||    58
         Punch             |       |     3 |       ||     3
   Cast: Magic Dart        |    61 |   111 |     7 ||   179
         Searing Ray       |     4 |    13 |     5 ||    22
         Iskenderun's Myst |       |     4 |     1 ||     5
    Use: Scroll            |     9 |     3 |       ||    12
         Potion            |       |     1 |       ||     1
   Stab: Sleeping          |       |     3 |       ||     3
 Armour: Robe              |     4 |     6 |     1 ||    11
  Dodge: Dodged            |     8 |    51 |    10 ||    69

Table legend: (Time is in decaauts)
 A = Elapsed time spent in this place.
 B = Non-inter-level travel time spent in this place.
 C = Inter-level travel time spent in this place.
 D = Time resting spent in this place.
 E = Time spent auto-exploring this place.
 F = Levels seen in this place.
 G = Mean time per level.
                   A        B        C        D        E       F      G
               +--------+--------+--------+--------+--------+-----+--------+
         Total |   5721 |   5600 |    121 |    679 |   4291 |   5 | 1144.2 |
       Dungeon |   5721 |   5600 |    121 |    679 |   4291 |   5 | 1144.2 |
               +--------+--------+--------+--------+--------+-----+--------+

Top non-repeatable levels by time:
     D:2: 1546 daAuts
     D:3: 1442 daAuts
     D:1: 1268 daAuts
     D:4: 1194 daAuts
     D:5: 269 daAuts
